 Dungeon Sprint DCSS version 0.28-a0-247-gb8bfbab023 (webtiles) character file.

Game seed: 3993059539777139014

44002 MikeHunt the Warrior (level 13, -4/117 HPs)
             Began as a Palentonga Hedge Wizard on Aug 25, 2021.
             Was the Champion of Makhleb.
             Killed by divine providence
             ... invoked by a royal mummy
              (15 damage)
             ... in the Dungeon (Sprint V: "Ziggurat Sprint").
             The game lasted 00:13:32 (1449 turns).

MikeHunt the Warrior (Palentonga Hedge Wizard)      Turns: 1449, Time: 00:13:32

Health: -4/117     AC: 37    Str: 14    XL:     13   Next: 93%
Magic:  15/15      EV:  6    Int: 18    God:    Makhleb [******]
Gold:   0          SH: 14    Dex: 12    Spells: 17/18 levels left

rFire   + . .      SeeInvis +   P - +7 Screaming Sword {vorpal, sonic wave}
rCold   + . .      Faith    .   o - +3 kite shield
rNeg    . . .      Spirit   .   v - +9 gold dragon scales
rPois   +          Reflect  .   T - +0 helmet {Int+3}
rElec   .          Harm     .   (no cloak)
rCorr   .          Rampage  .   x - +1 pair of gloves {Stlth+}
Will    .....      NoTele   +   (no barding)
Stlth   ..........              Z - amulet of the acrobat
HPRegen 0.29/turn               q - +4 ring of slaying
MPRegen 0.14/turn               u - +4 ring of evasion

@: hasted and slowed, curled up, unable to read
A: large, rugged brown scales 3, see invisible, deformed body, roll 1, armoured
tail, reflexive curl, clumsy 1, frail 1, low mp 1, screaming 1, inability to
read while threatened
a: Rolling Charge, Renounce Religion, Minor Destruction, Lesser Servant of
Makhleb, Major Destruction, Greater Servant of Makhleb


You were in the Dungeon.
You worshipped Makhleb.
Makhleb was exalted by your worship.
You visited 1 branch

Inventory:

Hand Weapons
 P - the +7 Screaming Sword (weapon) {vorpal, sonic wave}
   (You found it in the Dungeon)

   It inflicts extra damage upon your enemies.
   It radiates damaging sonic waves as it strikes, especially in combat
   involving dangerous or numerous foes.
 R - the +9 sword of Zonguldrok {reap}
   (You found it in the Dungeon)

   Any living foe damaged by it may be reanimated upon death as a zombie
   friendly to the wielder, with an increasing chance as more damage is dealt.
Missiles
 S - a throwing net
Armour
 o - a +3 kite shield (worn)
 p - a +3 tower shield
 r - +5 fire dragon scales
 s - +5 ice dragon scales
 v - +9 gold dragon scales (worn)
 w - a +5 crystal plate armour
 x - a +1 pair of gloves of stealth (worn)
 O - the +18 shield of the Gong {rElec rN+ Will+ EV-5}
   (You found it in the Dungeon)

   It is deafeningly noisy when blocking attacks.
   EV:        It affects your evasion (-5).
   rElec:     It insulates you from electricity.
   rN:        It protects you from negative energy.
   Will:      It increases your willpower.
 T - a +0 helmet of intelligence (worn)
Jewellery
 a - a ring of protection from cold
 q - a +4 ring of slaying (left hand)
 t - the ring of Owneisam {rPois rF- rCorr Int+6 Dex+4}
   (You found it in the Dungeon)

   [ring of intelligence]

   Int:       It affects your intelligence (+6).
   Dex:       It affects your dexterity (+4).
   rF:        It makes you vulnerable to fire.
   rPois:     It protects you from poison.
   rCorr:     It protects you from acid and corrosion.
 u - a +4 ring of evasion (right hand)
 G - a ring of flight
 W - the ring "Guvaek" {+Blink rC+ Stlth+}
   (You found it in the Dungeon)

   [ring of protection from cold]

   rC:        It protects you from cold.
   +Blink:    It lets you blink.
   Stlth:     It makes you more stealthy.
 Z - an amulet of the acrobat (around neck)
Wands
 D - a wand of mindburst (7)
 E - a wand of iceblast (4)
 F - a wand of acid (7)
Scrolls
 i - 4 scrolls of blinking
 y - 7 scrolls of fog
 z - 5 scrolls of identify
 A - 2 scrolls of fear
 B - 4 scrolls of amnesia
 C - 2 scrolls of holy word
Potions
 d - 8 potions of curing
 e - 9 potions of heal wounds
 f - 16 potions of haste
 g - 7 potions of magic
 h - 3 potions of berserk rage
 j - 2 potions of brilliance
 k - a potion of invisibility
 l - 4 potions of resistance
 n - 5 potions of might
Miscellaneous
 b - a condenser vane
 c - a condenser vane
 m - a piece from Xom's chessboard (15/15)
 H - a phantom mirror
 N - a lightning rod (4/4) (quivered)
 U - a phial of floods
 X - a box of beasts
 Y - a box of beasts


   Skills:
 + Level 17.4 Fighting
 - Level 16.0 Long Blades
 + Level 14.2 Armour
 + Level 14.3 Dodging
 - Level 1.2 Stealth
 + Level 9.8 Shields
 - Level 3.0 Spellcasting
 - Level 0.8 Conjurations
 - Level 0.7 Summonings
 - Level 1.0 Translocations
 + Level 5.3 Invocations
 + Level 14.8 Evocations


You had 17 spell levels left.
You knew the following spells:

 Your Spells              Type           Power      Damage    Failure   Level
a - Magic Dart            Conj           20%        1d4       100%        1

Your spell library contained the following spells:

 Spells                   Type           Power      Damage    Failure   Level
 Freeze                   Ice            8%         1d3       100%        1
 Pain                     Necr           8%         1d4       100%        1
 Sting                    Tmut/Pois      8%         1d3       100%        1
 Blink                    Tloc           N/A        N/A       100%        2
 Call Imp                 Summ           5%         N/A       100%        2
 Ensorcelled Hibernation  Hex/Ice        4%         N/A       100%        2
 Passwall                 Tmut/Erth      1%         N/A       100%        2
 Poisonous Vapours        Pois/Air       4%         N/A       100%        2
 Slow                     Hex            2%         N/A       100%        2
 Static Discharge         Conj/Air       4%         N/A       100%        2
 Conjure Flame            Conj/Fire      4%         6-21      100%        3
 Dazzling Flash           Conj/Hex       8%         N/A       100%        3
 Frozen Ramparts          Ice            4%         1d2       100%        3
 Mephitic Cloud           Conj/Pois/Air  3%         N/A       100%        3
 Tukima's Dance           Hex            2%         N/A       100%        3
 Animate Dead             Necr           1%         N/A       100%        4
 Hailstorm                Conj/Ice       4%         3d4       100%        4
 Ice Form                 Ice/Tmut       2%         N/A       100%        4
 Olgreb's Toxic Radiance  Pois           2%         N/A       100%        4
 Passage of Golubria      Tloc           N/A        N/A       100%        4
 Summon Ice Beast         Ice/Summ       3%         N/A       100%        4
 Agony                    Necr           2%         N/A       100%        5
 Bolt of Magma            Conj/Fire/Erth 1%         4d4       100%        5
 Fireball                 Conj/Fire      2%         3d4       100%        5
 Iskenderun's Battlesphe  Conj           5%         2d6       100%        5
 Lee's Rapid Deconstruct  Erth           1%         3d5*      100%        5
 Silence                  Hex/Air        1%         N/A       100%        5
 Summon Forest            Summ/Tloc      2%         N/A       100%        5
 Summon Mana Viper        Hex/Summ       3%         N/A       100%        5
 Yara's Violent Unravell  Hex/Tmut       1%         3d3       100%        5
 Conjure Ball Lightning   Conj/Air       2%         3x3d6     100%        6
 Eringya's Noxious Bog    Tmut/Pois      1%         N/A       100%        6
 Invisibility             Hex            1%         N/A       100%        6
 Starburst                Conj/Fire      2%         6d3       100%        6
 Statue Form              Tmut/Erth      1%         N/A       100%        6
 Monstrous Menagerie      Summ           2%         N/A       100%        7
 Summon Hydra             Summ           2%         N/A       100%        7
 Discord                  Hex            1%         N/A       100%        8
 Disjunction              Tloc           3%         N/A       100%        8
 Ignition                 Fire           1%         3d3       100%        8
 Polar Vortex             Ice            1%         N/A       100%        9


Dungeon Overview and Level Annotations

Branches:
Dungeon (1/1)

Altars:
Ashenzari
Cheibriados
Dithmenos
Elyvilon
Fedhas
Gozag
Hepliaklqana
Kikubaaqudgha
Makhleb
Nemelex Xobeh
Okawaru
Qazlal
Ru
Sif Muna
Trog
Uskayaw
Vehumet
Wu Jian
Xom
Yredelemnul
Zin
The Shining One
Beogh
Jiyva
Lugonu


Innate Abilities, Weirdness & Mutations

You are completely covered in rugged brown scales. (AC +3, +7% HP)
You have supernaturally acute eyesight. (SInv)
Armour fits poorly on your strangely shaped body.
You can roll at nearby foes to attack.
You have a long armoured tail.
You curl defensively after being hit.
You are clumsy. (Dex -2)
You are frail. (-10% HP)
Your magical capacity is low. (-10% MP)
You occasionally shout uncontrollably at your foes.
You sometimes lose the ability to read scrolls when taking damage.


Message History

You feel much better.
The death scarab bites you but does no damage. x2
The lich casts a spell at you.
You feel as though you will be slow longer.
The death scarab bites you!
* * * LOW HITPOINT WARNING * * *
The death scarab drains your vigour!
You already are as slow as you could be.
The death scarab draws strength from your injuries!
You block the lich's attack. You block the royal mummy's attack.
The mummy priest prays to its god.
The emperor scorpion stings you but does no damage.
The emperor scorpion claws you but does no damage.
The emperor scorpion claws you!
* * * LOW HITPOINT WARNING * * *
The death scarab bites you but does no damage.
You slash the royal mummy!
The Screaming Sword howls, "BAPTISED IN BLOOD I AM!"
You send a blast of sound all around you.
The monsters around you are blasted!
The death scarab is severely damaged.
The death scarab is almost destroyed.
The lich is almost destroyed.
The death scarab is severely damaged.
The mummy priest is moderately damaged.
The royal mummy is moderately damaged.
The death scarab is severely damaged.
The emperor scorpion is lightly wounded.
The emperor scorpion is almost dead.
You tail-slap the royal mummy!
The royal mummy is moderately damaged.
The death scarab bites you!
* * * LOW HITPOINT WARNING * * *
The death scarab drains your vigour!
You feel as though you will be slow longer.
The death scarab draws strength from your injuries!
The death scarab bites you but does no damage.
The lich points at you and mumbles some strange words.
You already are as slow as you could be.
The royal mummy gestures at you while chanting.
Something smites you!
You die...

▓......[|)..▓▓.
|:}:[}...▓..))"[[)...▓▓.
.........▓....=......▓▓.
..........▓...........▓▓.
▓.............▓...........▓▓.
▓.............▓..........)▓▓.
▓..........sBB▓..▓.....▓.)▓▓▓
▓........MBMs.▓.▓▓▓...▓▓▓)▓..
▓..▓.......▓@B▓..▓.....▓.)▓..
▓..........L..▓.....©..)..▓..
▓.............▓▓▓▓▓▓▓▓▓▓▓▓▓..
▓......©......▓....8©8....▓..
▓▓▓▓▓▓▓▓▓▓▓▓▓▓▓....).[)}..▓..
▓...|=|)[[..▓..
▓...........▓▓▓
▓...........▓..
▓...........▓..


You could see a royal mummy, 2 emperor scorpions, a lich (fast, invisible), a
mummy priest and 4 death scarabs.

Vanquished Creatures
  2 pandemonium lords (D)
  A lich (D)
  2 death cobs (D)
  A stone giant (D)
  A vampire knight (D)
  2 green draconians (D)
  3 white draconians (D)
  A black draconian (D)
  5 red draconians (D)
  A spark wasp (D)
  A purple draconian (D)
  7 vault guards (D)
  A dancing weapon (D)
  A skeletal warrior (D)
  A deep elf archer (D)
  A deep elf pyromancer (D)
  2 ugly things (D)
  A wolf spider (D)
  A cyclops (D)
  A shining eye (D)
  An orange demon (D)
  A rust devil (D)
  A cane toad (D)
  2 hellions (D)
  A yaktaur (D)
  3 demonic crawlers (D)
  A tormentor (D)
  A guardian mummy (D)
  4 merfolk (D)
  2 red devils (D)
  2 jumping spiders (D)
  A polar bear (shapeshifter) (D)
  2 hornets (D)
  2 slime creatures (D)
  2 flying skulls (D)
  2 shadows (D)
  2 spriggans (D)
  A redback (D)
  2 tarantellas (D)
  2 vampires (D)
  An ushabti (D)
  A fire elemental (D)
  A yak (D)
  A chaos spawn (D)
  A golden eye (D)
  A hog (shapeshifter) (D)
  2 neqoxecs (D)
  2 floating eyes (D)
  3 necrophages (D)
  2 wolves (D)
  A centaur (D)
  3 phantoms (D)
  A scorpion (D)
  2 wights (D)
  A quasit (D)
  An iron imp (D)
  2 jellies (D)
  5 mummies (D)
  A shadow imp (D)
  A white imp (D)
  2 adder zombies (D)
  3 adder skeletons (D)
  A bat skeleton (D)
  A bat zombie (D)
  2 endoplasms (D)
  4 ball python skeletons (D)
  2 quokka zombies (D)
119 creatures vanquished.

Vanquished Creatures (collateral kills)
  A cane toad (D)
  A basilisk (D)
  A bullfrog (D)
  An iguana (D)
  2 river rats (D)
6 creatures vanquished.

Grand Total: 125 creatures vanquished

Notes
Turn   | Place    | Note
-------+----------+-------------------------------------------
     0 | D        | MikeHunt the Palentonga Hedge Wizard began the quest for
                  | the Orb.
     0 | D        | Reached XP level 1. HP: 13/13 MP: 4/4
     0 | D        | Found a shimmering blue altar of Sif Muna.
     0 | D        | Found a sacrificial altar of Ru.
     0 | D        | Found a bloodstained altar of Trog.
     0 | D        | Found a stormy altar of Qazlal.
     0 | D        | Found an iron altar of Okawaru.
     0 | D        | Found a sparkling altar of Nemelex Xobeh.
     0 | D        | Found a blossoming altar of Fedhas.
     0 | D        | Found the +6 Majin-Bo {vamp, MP+6 Int+6}
     0 | D        | Found the +9 heavy crossbow "Sniper" {vorpal, Acc+∞ SInv}
     0 | D        | Found the +10 dark maul {vorpal}
     0 | D        | Found the +15 Maxwell's patent armour {-Cast -Tele rElec
                  | Will+ rCorr}
     0 | D        | Found the +18 shield of the Gong {rElec rN+ Will+ EV-5}
     0 | D        | Found the +14 obsidian axe {vorpal, Drain Fly SInv}
     0 | D        | Found the +7 great mace "Firestarter" {inner flame, rF++}
     0 | D        | Found the +6 shillelagh "Devastator" {shatter}
     0 | D        | Found the +11 plutonium sword {Contam Stlth-}
     0 | D        | Found the +8 lance "Wyrmbane" {slay drac, rPois rF+ rC+
                  | AC+3}
     0 | D        | Found the +9 sword of Zonguldrok {reap}
     0 | D        | Found the +13 scythe of Curses {drain, Drain}
     0 | D        | Found the +5 sword of Power {vorpal}
     0 | D        | Found the +7 mace of Variability {chain chaos}
     0 | D        | Found the +7 Singing Sword {vorpal, sonic wave}
     0 | D        | Found the +8 storm bow {elec, penet}
    11 | D        | Found a transporter.
    11 | D        | Found a viscous altar of Jiyva.
    11 | D        | Found an ancient bone altar of Kikubaaqudgha.
    11 | D        | Found a hazy altar of Hepliaklqana.
    11 | D        | Found a corrupted altar of Lugonu.
    11 | D        | Found an opulent altar of Gozag.
    11 | D        | Found a burning altar of Makhleb.
    33 | D        | Became a worshipper of Makhleb the Destroyer
    61 | D        | Entered arena 2.
    61 | D        | Noticed a tarantella
    61 | D        | Noticed a scorpion
    61 | D        | Found a transporter.
    62 | D        | Reached skill level 3 in Fighting
    62 | D        | Reached XP level 2. HP: 25/25 MP: 6/6
    66 | D        | Killed a tarantella
    67 | D        | Reached skill level 5 in Fighting
    67 | D        | Reached skill level 5 in Long Blades
    67 | D        | Reached skill level 5 in Evocations
    67 | D        | Reached XP level 3. HP: 19/35 MP: 7/7
    67 | D        | Reached XP level 4. HP: 23/41 MP: 8/8
    67 | D        | Reached XP level 5. HP: 26/47 MP: 9/9
    68 | D        | Reached skill level 6 in Fighting
    68 | D        | Reached skill level 5 in Shields
   276 | D        | Entered arena 3.
   276 | D        | Found a transporter.
   277 | D        | Reached * piety under Makhleb
   291 | D        | Entered arena 4.
   291 | D        | Noticed a wolf
   291 | D        | Noticed a spriggan
   291 | D        | Noticed a wolf
   291 | D        | Noticed a spriggan
   291 | D        | Found a transporter.
   293 | D        | Killed a wolf
   293 | D        | Reached ** piety under Makhleb
   294 | D        | Reached XP level 6. HP: 50/56 MP: 10/10
   294 | D        | Killed a spriggan
   295 | D        | Reached skill level 7 in Fighting
   295 | D        | Gained mutation: You curl defensively after being hit.
                  | [Palentonga growth]
   295 | D        | Reached XP level 7. HP: 54/65 MP: 11/11
   295 | D        | Killed a spriggan
   296 | D        | Reached skill level 8 in Fighting
   346 | D        | Entered arena 5.
   346 | D        | Found the +3 giant club "Skullcrusher" {speed, Str+7}
   346 | D        | Noticed a +2 war axe of freezing
   346 | D        | Noticed a fire elemental
   346 | D        | Noticed a deep elf pyromancer
   346 | D        | Noticed a deep elf archer
   346 | D        | Found a transporter.
   349 | D        | Noticed a fire elemental
   349 | D        | Noticed a fire elemental
   350 | D        | Killed a deep elf pyromancer
   350 | D        | Reached *** piety under Makhleb
   351 | D        | Reached skill level 9 in Fighting
   351 | D        | Reached XP level 8. HP: 48/75 MP: 12/12
   351 | D        | Killed a deep elf archer
   352 | D        | Reached skill level 10 in Long Blades
   355 | D        | Killed a +2 war axe of freezing
   356 | D        | Reached skill level 10 in Fighting
   356 | D        | Reached XP level 9. HP: 52/84 MP: 13/13
   490 | D        | Entered arena 6.
   490 | D        | Found a transporter.
   492 | D        | Reached **** piety under Makhleb
   493 | D        | Reached skill level 1 in Armour
   494 | D        | Reached skill level 10 in Evocations
   494 | D        | Reached ***** piety under Makhleb
   532 | D        | Entered arena 7.
   532 | D        | Noticed a polar bear
   532 | D        | Noticed a green ugly thing
   532 | D        | Noticed a brown ugly thing
   534 | D        | Gained mutation: You are clumsy. (Dex -2) [a neqoxec]
   537 | D        | Reached skill level 11 in Fighting
   537 | D        | Killed a green ugly thing
   537 | D        | Killed a polar bear
   537 | D        | Killed a green ugly thing
   538 | D        | Reached XP level 10. HP: 95/95 MP: 14/14
   538 | D        | Found a transporter.
   546 | D        | Got Cegew's Catalogue of the Blaze
   560 | D        | Entered arena 8.
   560 | D        | Noticed a cyclops
   566 | D        | Reached ****** piety under Makhleb
   566 | D        | Killed a cyclops
   567 | D        | Reached skill level 12 in Fighting
   567 | D        | Reached skill level 5 in Armour
   567 | D        | Reached skill level 5 in Dodging
   568 | D        | Found a transporter.
   585 | D        | Got the ring "Guvaek" {+Blink rC+ Stlth+}
   592 | D        | Entered arena 9.
   592 | D        | Noticed a shining eye
   593 | D        | Found a transporter.
   594 | D        | Paralysed by a floating eye for 2 turns
   594 | D        | Gained mutation: Your magical capacity is low. (-10% MP) [a
                  | shining eye]
   597 | D        | Gained mutation: You have hidden genetic defects. [a
                  | shining eye]
   602 | D        | Gained mutation: You are frail. (-10% HP) [a shining eye]
   603 | D        | Killed a shining eye
   621 | D        | Entered arena 10.
   621 | D        | Noticed a cane toad
   621 | D        | Noticed a cane toad
   623 | D        | Gained mutation: You sometimes lose the ability to read
                  | scrolls when taking damage. [hidden defects]
   629 | D        | Killed a cane toad
   634 | D        | Killed a cane toad
   636 | D        | Reached skill level 13 in Fighting
   636 | D        | Found a transporter.
   688 | D        | Entered arena 11.
   688 | D        | Noticed an orange demon
   688 | D        | Noticed Zur Kauc the pandemonium lord
   688 | D        | Noticed Uxkeles the pandemonium lord
   697 | D        | Killed an orange demon
   698 | D        | Reached XP level 11. HP: 61/95 MP: 13/13
   702 | D        | Killed Zur Kauc the pandemonium lord
   703 | D        | Reached skill level 14 in Fighting
   706 | D        | Killed Uxkeles the pandemonium lord
   707 | D        | Reached skill level 15 in Long Blades
   707 | D        | Reached skill level 10 in Dodging
   707 | D        | Reached XP level 12. HP: 86/104 MP: 14/14
   707 | D        | Found a transporter.
   716 | D        | Gained mutation: You occasionally shout uncontrollably at
                  | your foes. [hidden defects]
   716 | D        | Lost mutation: You have hidden genetic defects. [hidden
                  | defects expressed]
   739 | D        | Entered arena 12.
   739 | D        | Noticed a vault guard
   739 | D        | Noticed a vault guard
   739 | D        | Noticed a lich
   739 | D        | Noticed a vault guard
   739 | D        | Noticed a vault guard
   739 | D        | Noticed a vault guard
   739 | D        | Noticed a stone giant
   739 | D        | Noticed a vault guard
   741 | D        | Noticed a vault guard
   749 | D        | Killed a vault guard
   750 | D        | Reached skill level 15 in Fighting
   750 | D        | Reached skill level 10 in Armour
   750 | D        | Killed a vault guard
   752 | D        | Killed a vault guard
   754 | D        | Killed a stone giant
   754 | D        | Killed a vault guard
   755 | D        | Killed a vault guard
   755 | D        | Killed a vault guard
   755 | D        | Killed a lich
   756 | D        | Reached skill level 16 in Fighting
   756 | D        | Killed a vault guard
   759 | D        | Found a transporter.
   796 | D        | Got the ring of Owneisam {rPois rF- rCorr Int+6 Dex+4}
   799 | D        | Entered arena 13.
   799 | D        | Noticed a spark wasp
   801 | D        | Found the +3 sling "Punk" {acid, rCorr}
   810 | D        | Killed a spark wasp
   813 | D        | Reached XP level 13. HP: 101/115 MP: 15/15
   814 | D        | Found a transporter.
   862 | D        | Entered arena 14.
   983 | D        | Found a transporter.
   990 | D        | Got the Handbook of Battle Magic
   996 | D        | Got the Collected Works on the Escort
  1019 | D        | Entered arena 15.
  1044 | D        | Noticed a vampire knight
  1044 | D        | Found the +0 staff of Battle
  1045 | D        | Found a transporter.
  1057 | D        | Paralysed by a vampire knight for 7 turns
  1069 | D        | Killed a vampire knight
  1324 | D        | Got the Catalogue of Ashen Transmigration
  1332 | D        | Entered arena 16.
  1337 | D        | Noticed a red draconian
  1337 | D        | Noticed a purple draconian
  1337 | D        | Noticed a red draconian
  1337 | D        | Noticed a green draconian
  1337 | D        | Noticed a green draconian
  1337 | D        | Noticed a white draconian
  1337 | D        | Noticed a white draconian
  1337 | D        | Noticed a death cob
  1337 | D        | Noticed a red draconian
  1337 | D        | Noticed a black draconian
  1337 | D        | Noticed a red draconian
  1337 | D        | Noticed a red draconian
  1337 | D        | Noticed a death cob
  1342 | D        | Killed a death cob
  1345 | D        | Killed a red draconian
  1345 | D        | Killed a black draconian
  1348 | D        | Killed a red draconian
  1349 | D        | Killed a death cob
  1352 | D        | Killed a white draconian
  1353 | D        | Identified the +4 morningstar of Defence by Offence
                  | {freeze, rPois rCorr Int+5}
  1353 | D        | Noticed a white draconian
  1356 | D        | Killed a red draconian
  1357 | D        | Reached skill level 1 in Invocations
  1362 | D        | Killed a red draconian
  1362 | D        | Killed a white draconian
  1363 | D        | Reached skill level 17 in Fighting
  1364 | D        | Killed a green draconian
  1364 | D        | Killed a green draconian
  1367 | D        | Killed a purple draconian
  1369 | D        | Killed a red draconian
  1375 | D        | Killed a white draconian
  1376 | D        | Reached skill level 5 in Invocations
  1376 | D        | Found a transporter.
  1390 | D        | Got Sophisticated Wizardry
  1415 | D        | Got the Reference Book on Dark Cold
  1423 | D        | Entered arena 17.
  1429 | D        | Noticed a lich
  1435 | D        | Noticed a royal mummy
  1437 | D        | Noticed a mummy priest
  1443 | D        | Noticed an emperor scorpion
  1448 | D        | Noticed an emperor scorpion
  1449 | D        | Killed from afar by a royal mummy

Illustrated notes

Levels and vault maps discovered:
D:        sprint_v [room_start, room_1, room_2, room_3, room_4, room_5, room_6,
          room_7, room_8, room_9, room_10, room_11, room_12, room_13, room_14,
          room_15, room_16, room_17, room_18, room_19, room_20, room_21,
          room_22, room_23, room_24, room_25, room_26, room_27]

Skill      XL: |  1  2  3  4  5  6  7  8  9 10 11 12 13 |
---------------+----------------------------------------+-----
Fighting       | 3 5 6 7 9 10 11 13 14 16 17 | 17.4
Long Blades    | 3 5 6 7 9 10 11 13 15 16 | 16.0
Shields        | 2 4 5 6 7 9 |  9.8
Evocations     | 3 5 6 7 8 9 10 14 | 14.8
Armour         | 4 7 9 12 14 | 14.2
Dodging        | 4 7 10 12 14 | 14.3
Invocations    | 5 |  5.3
Stealth        | |  1.2
Spellcasting   | |  3.0
Conjurations   | |  0.8
Summonings     | |  0.7
Translocations | |  1.0

Action                   |  1- 3 |  4- 6 |  7- 9 | 10-12 | 13-15 || total
-------------------------+-------+-------+-------+-------+-------++-------
Melee: Double sword      |       |     1 |     4 |    20 |    80 ||   105
       Tailslap          |       |       |       |     3 |    14 ||    17
Evoke: Lightning rod     |     3 |     6 |    14 |    28 |     7 ||    58
       Wand              |       |       |       |     3 |       ||     3
       Box of beasts     |       |       |       |     1 |       ||     1
  Use: Potion            |     2 |       |     1 |     4 |     4 ||    11
       Scroll            |       |       |     4 |       |       ||     4
Armor: Storm dragon scal |     2 |     1 |       |       |       ||     3
       Gold dragon scale |       |       |       |    44 |    59 ||   103
Dodge: Dodged            |     1 |       |     1 |    13 |    22 ||    37
Block: Buckler           |     3 |       |       |       |       ||     3
       Kite shield       |       |     1 |     8 |    29 |    43 ||    81
       Rpst.: Double sword |       |       |       |     2 |     7 ||     9

Table legend: (Time is in decaauts)
 A = Elapsed time spent in this place.
 B = Non-inter-level travel time spent in this place.
 C = Inter-level travel time spent in this place.
 D = Time resting spent in this place.
 E = Time spent auto-exploring this place.
 F = Levels seen in this place.
 G = Mean time per level.
                   A        B        C        D        E       F      G
               +--------+--------+--------+--------+--------+-----+--------+
         Total |   1396 |   1396 |      0 |    746 |      0 |   1 | 1396.0 |
       Dungeon |   1396 |   1396 |      0 |    746 |      0 |   1 | 1396.0 |
               +--------+--------+--------+--------+--------+-----+--------+

Top non-repeatable levels by time:
       D: 1396 daAuts
